 Dungeon Crawl Stone Soup version 0.31-a0-204-g7da18cac08 (webtiles) character file.

Game seed: 9130228161518030696

793 qw the Skirmisher (level 7, -3/40 HPs)
             Began as a Deep Elf Hunter on June 27, 2023.
             Slain by a water moccasin (8 damage)
             ... on level 5 of the Dungeon.
             The game lasted 00:01:04 (3960 turns).

qw the Skirmisher (Deep Elf Hunter)                 Turns: 3960, Time: 00:01:04

Health: -3/40      AC:  7    Str: 10    XL:     7   Next: 57%
Magic:  3/3        EV: 11    Int: 14    God:
Gold:   144        SH:  0    Dex: 18    Spells: 6/6 levels left

rFire   . . .        Y - +2 hand crossbow (antimagic)
rCold   . . .        (no shield)
rNeg    . . .        e - +0 ring mail
rPois   .            d - +1 hat
rElec   .            (no cloak)
rCorr   .            (no gloves)
SInv    .            a - +0 pair of boots {rampage}
Will    .....        g - amulet of the acrobat
Stlth   +            (no ring)
HPRegen 0.26/turn    (no ring)
MPRegen 0.08/turn

%: acrobat, rampage
@: lethally poisoned (-3 -> -9)
A: no striking features
a: no special abilities


You were on level 5 of the Dungeon.
You visited 2 branches of the dungeon, and saw 6 of its levels.

You collected 249 gold pieces.
You spent 105 gold pieces at shops.


   Skills:
 - Level 2.4 Fighting
 + Level 11.5 Ranged Weapons
 - Level 1.0 Armour
 - Level 3.0 Dodging
 - Level 1.2 Stealth


You had 6 spell levels left.
You didn't know any spells.
Your spell library was empty.

Inventory:

Hand Weapons
 Y - a +2 antimagic hand crossbow (weapon)
Armour
 a - a +0 pair of boots of rampaging (worn)
 d - a +1 hat (worn)
 e - a +0 ring mail (worn)
Jewellery
 g - an amulet of the acrobat (around neck)
Scrolls
 i - 4 scrolls of identify
Potions
 f - a potion of haste
 h - a potion of enlightenment
 k - a potion of curing

Dungeon Overview and Level Annotations

Branches:
Dungeon (5/15)             Temple (1/1) D:5

Altars:
Ashenzari
Fedhas
Gozag
Makhleb
Qazlal
Sif Muna
Trog
Uskayaw
Vehumet
Wu Jian
Xom
Zin
The Shining One

Shops:
D:3 ?   D:5 *


Message History

i - 4 scrolls of identify (gained 1)
Things that are here:
a +0 dagger; an orc corpse
Things that are here:
a +0 dire flail; a +0 plate armour; an orc corpse You open the door.
There is an open door here.
There is an open door here.
There is an open door here.
You open the gate.
A water moccasin, an adder, a centaur and an iguana come into view.
The water moccasin hisses angrily.
The centaur shouts!
The centaur wields a +0 orcbow.
The centaur shoots an arrow.
The arrow hits you.
The centaur shoots an arrow.
The arrow closely misses you.
The iguana hisses angrily.
Enter note: You shoot a bolt.
The adder hisses angrily.
The bolt hits the iguana but does no damage.
The centaur shoots an arrow.
The arrow hits you.
You shoot a bolt. The bolt hits the iguana.
The iguana is lightly wounded.
You shoot a bolt. The bolt hits the iguana.
The iguana is heavily wounded.
The centaur unwields a +0 orcbow.
The centaur closely misses you. The centaur kicks you. The iguana bites you!
The centaur hits you. The centaur barely misses you. The iguana bites you.
You shoot a bolt. The bolt hits the iguana!
You kill the iguana!
The centaur hits you but does no damage.
The centaur kicks you. The water moccasin bites you! The centaur hits you.
The centaur closely misses you. The adder misses you.
You shoot a bolt. The bolt hits the centaur!!
The centaur is almost dead.
The centaur closely misses you. The centaur kicks you.
The water moccasin closely misses you. The adder bites you.
You are lethally poisoned!
The adder poisons you! The centaur closely misses you. The centaur misses you.
The water moccasin bites you!
You die...

#.#.# ##.....## # #.#.. #.......
#.#.... #...\... .....# #......
## ##..# #..... ....#.... #...#
.....%..# #'cS# ......#.#
########### #.S@#### ......#.#
#.........# #......# ..... #..
#.........########.#########.#..
#.........##....................
#.........##.#####.####....####.
#.........##.#####..............
#.........##.#........>.........
#.........##.#.####............#
##.....)...##.#.# #............#


You could see a water moccasin, a centaur and an adder.

Vanquished Creatures
  Sigmund (D:2)
  An orc warrior (D:5)
  An ogre (D:4)
  A bullfrog (D:4)
  2 scorpions (D:4)
  A jelly (D:5)
  A hound (D:4)
  An orc priest (D:4)
  An iguana (D:5)
  Terence (D:2)
  5 adders
  3 worms
  A dart slug (D:3)
  11 orcs
  7 endoplasms
  2 giant cockroaches (D:2)
  6 goblins
  13 hobgoblins
  2 jackals (D:4)
  A quokka (D:2)
  4 ball pythons
  7 bats (D:1)
  6 kobolds
  3 rats
82 creatures vanquished.

Notes
Turn   | Place    | Note
-------+----------+-------------------------------------------
     0 | D:1      | qw the Deep Elf Hunter began the quest for the Orb.
     0 | D:1      | Reached XP level 1. HP: 12/12 MP: 3/3
     0 | D:1      | 0 ||| qw: Version: 0.3-a-22-g0ed2b0b
     0 | D:1      | 0 ||| qw: Game counter: 6546
     0 | D:1      | 0 ||| qw: Melee chars always use a shield: true
     0 | D:1      | 0 ||| qw: God list: Okawaru
     0 | D:1      | 0 ||| qw: Allow faded altars: false
     0 | D:1      | 0 ||| qw: Do Orc after clearing Dungeon:15 true
     0 | D:1      | 0 ||| qw: Do second Lair branch before Depths: true
     0 | D:1      | 0 ||| qw: Lair rune preference: random
     0 | D:1      | 0 ||| qw: Goals: Normal
     0 | D:1      | 0 ||| PLANNING D:1-11
   522 | D:1      | Reached XP level 2. HP: 16/16 MP: 4/4
   532 | D:1      | Reached skill level 6 in Ranged Weapons
   548 | D:1      | Found a faded altar of an unknown god.
   919 | D:1      | 919 ||| UPGRADING to +1 hat.
   924 | D:1      | 924 ||| UPGRADING to amulet of the acrobat.
   929 | D:1      | 929 ||| READING 2 scrolls labelled ATYOH IWAX.
   929 | D:1      | Identified 2 scrolls of acquirement
   929 | D:1      | 929 ||| ACQUIRING +1 antimagic hand crossbow
   929 | D:1      | Acquired a +1 antimagic hand crossbow
   931 | D:1      | 931 ||| SWAPPING to +1 antimagic hand crossbow.
   932 | D:1      | 932 ||| DROPPING +0 shortbow.
   933 | D:1      | 933 ||| READING scroll of acquirement.
   933 | D:1      | 933 ||| ACQUIRING +0 pair of boots of rampaging
   933 | D:1      | Acquired a +0 pair of boots of rampaging
   935 | D:1      | 935 ||| UPGRADING to +0 pair of boots of rampaging.
   940 | D:1      | 940 ||| READING scroll labelled DUEDWYTIOR.
   941 | D:1      | 941 ||| READING scroll labelled LUDUYS HIGAXT.
   942 | D:1      | 942 ||| DROPPING scroll of butterflies.
  1005 | D:2      | Noticed Terence
  1010 | D:2      | Killed Terence
  1011 | D:2      | Reached XP level 3. HP: 17/20 MP: 1/5
  1017 | D:2      | 1017 ||| FLEEEEING.
  1018 | D:2      | 1018 ||| FLEEEEING.
  1019 | D:2      | 1019 ||| FLEEEEING.
  1020 | D:2      | 1020 ||| FLEEEEING.
  1021 | D:2      | 1021 ||| STAIRDANCE
  1052 | D:2      | Reached skill level 7 in Ranged Weapons
  1494 | D:2      | Noticed Sigmund
  1497 | D:2      | Killed Sigmund
  1498 | D:2      | Reached skill level 9 in Ranged Weapons
  1498 | D:2      | Reached XP level 4. HP: 25/25 MP: 2/6
  1498 | D:2      | Reached XP level 5. HP: 29/29 MP: 2/7
  1749 | D:2      | 1749 ||| UPGRADING to +0 scale mail.
  1759 | D:2      | 1759 ||| DROPPING +0 leather armour.
  1760 | D:2      | 1760 ||| READING 2 scrolls labelled MAICIA FUNUTTE.
  1761 | D:2      | 1761 ||| READING 6 scrolls labelled MANWAMP EFAOXI.
  1762 | D:2      | 1762 ||| READING scroll labelled VIGEEQ KA ADOTA.
  1766 | D:2      | 1766 ||| DRINKING 2 white potions.
  1767 | D:2      | 1767 ||| DRINKING 2 grey potions.
  1768 | D:2      | 1768 ||| READING 5 scrolls of identify.
  1768 | D:2      | 1768 ||| IDENTIFYING dark potion
  1769 | D:2      | 1769 ||| DROPPING scroll of noise.
  1850 | D:3      | Found Wugui's Magic Scroll Shop.
  1982 | D:3      | Reached skill level 1 in Armour
  2202 | D:3      | Reached XP level 6. HP: 35/35 MP: 2/8
  2434 | D:3      | 2434 ||| BUYING scroll of enchant weapon (105 gold).
  2434 | D:3      | Bought a scroll of enchant weapon for 105 gold pieces
  2434 | D:3      | 2434 ||| READING scroll of enchant weapon.
  2434 | D:3      | 2434 ||| ENCHANTING +1 antimagic hand crossbow.
  2483 | D:3      | 2483 ||| UPGRADING to +0 ring mail.
  2493 | D:3      | 2493 ||| DROPPING +0 scale mail.
  2494 | D:3      | 2494 ||| READING scroll labelled AZXUETZUPA.
  2924 | D:4      | Found a broken altar of Ashenzari.
  2961 | D:4      | Reached skill level 10 in Ranged Weapons
  2992 | D:4      | Found a stormy altar of Qazlal.
  3034 | D:4      | 3034 ||| Stepping ~*~*~tactically~*~*~ (outnumbered).
  3042 | D:4      | Reached skill level 3 in Dodging
  3042 | D:4      | Reached XP level 7. HP: 22/40 MP: 3/9
  3190 | D:4      | Found a glowing silver altar of Zin.
  3476 | D:4      | 3476 ||| READING scroll labelled YSHRUG UPAT.
  3477 | D:4      | 3477 ||| READING scroll labelled PICUGR XOCUCESHAC.
  3478 | D:4      | 3478 ||| READING 5 scrolls of identify.
  3478 | D:4      | 3478 ||| IDENTIFYING glowing red potion
  3479 | D:4      | 3479 ||| READING 4 scrolls of identify.
  3479 | D:4      | 3479 ||| IDENTIFYING coppery potion
  3480 | D:4      | 3480 ||| DROPPING potion of lignification.
  3481 | D:4      | 3481 ||| DROPPING potion of ambrosia.
  3498 | D:5      | Entered Level 5 of the Dungeon
  3531 | D:5      | Found a staircase to the Ecumenical Temple.
  3532 | D:5      | 3532 ||| PLANNING TEMPLE
  3537 | D:5      | Reached skill level 11 in Ranged Weapons
  3541 | Temple   | Entered the Ecumenical Temple
  3670 | Temple   | 3670 ||| PLANNING D:1-11
  3703 | D:5      | HP: 9/40 [orc/+0 mace (3)]
  3955 | D:5      | Found Wotra's Assorted Antiques.
  3959 | D:5      | HP: 7/40 [water moccasin (7)]
  3960 | D:5      | Slain by a water moccasin

Levels and vault maps discovered:
D:1:      dpeg_arrival_signposts, layout_loops_ring,
          shapermc_ecumenical_altar_mp_urbaneastern, minmay_misc_feat_alley,
          minmay_misc_feat_room, grunt_decor_clamped
D:2:      layout_loops_ring, hangedman_decor_push, moated_statue,
          minmay_tetromino_i2, uniq_terence, uniq_sigmund
D:3:      layout_loops_ring, serial_shops, nicolae_shop_peninsula,
          serial_bayou_lagoon_b
D:4:      layout_loops_corners, mainiacjoe_overflow_surrounded_room,
          zin_treasury, mainiacjoe_overflow_tiny_flanked
D:5:      layout_basic, minmay_temple_entry_drinking_statues,
          kennysheep_windowed_goal
Temple:   nicolae_temple_bog_church

Skill      XL: |  1  2  3  4  5  6  7 |
---------------+----------------------+-----
Ranged Weapons | 6 9 10 11 | 11.5
Armour         | 1 |  1.0
Fighting       | 2 |  2.4
Dodging        | 3 |  3.0
Stealth        | |  1.2

Action                     |  1- 3 |  4- 6 |  7- 9 || total
---------------------------+-------+-------+-------++-------
   Fire: Shortbow          |    34 |       |       ||    34
         Hand crossbow     |    38 |    73 |    31 ||   142
    Use: Scroll            |     4 |     6 |     4 ||    14
         Potion            |       |     2 |       ||     2
 Armour: Leather armour    |    12 |       |       ||    12
         Scale mail        |       |     2 |       ||     2
         Ring mail         |       |     7 |     5 ||    12
  Dodge: Dodged            |    18 |    24 |    16 ||    58

Table legend:
 A = Non-vault XP
 B = Vault XP
 C = Vault XP percentage of total XP
 D = Non-vault monster count
 E = Vault monster count
 F = Vault count percentage of total count
                 A         B        C        D         E       F
            +---------+---------+-------+---------+---------+-------
      Total |     866 |     267 |  23.6 |      78 |       4 |   4.9
            +---------+---------+-------+---------+---------+-------
        D:1 |      26 |       0 |   0.0 |      18 |       0 |   0.0
        D:2 |      34 |     267 |  88.7 |      12 |       4 |  25.0
        D:3 |      53 |       0 |   0.0 |      17 |       0 |   0.0
        D:4 |     509 |       0 |   0.0 |      23 |       0 |   0.0
        D:5 |     244 |       0 |   0.0 |       8 |       0 |   0.0
            +---------+---------+-------+---------+---------+-------
